 Dungeon Crawl Stone Soup version 0.31.0-12-g77e489cdc1 (webtiles) character file.

Game seed: 2690353429295664215

703 jagang the Slasher (level 7, -1/55 HPs)
             Began as a Human Monk on Feb 15, 2024.
             Was a Believer of the Shining One.
             Slain by an ogre
             ... wielding a +0 giant spiked club
              (13 damage)
             ... on level 5 of the Dungeon.
             The game lasted 00:06:41 (3909 turns).

jagang the Slasher (Human Monk)                     Turns: 3909, Time: 00:06:42

Health: -1/55      AC: 13    Str: 12    XL:     7   Next: 66%
Magic:  7/7        EV:  7    Int: 10    God:    the Shining One [**....]
Gold:   246        SH:  5    Dex: 23    Spells: 6/6 levels left

rFire   . . .        a - +0 falchion
rCold   . . .        (no shield)
rNeg    + . .        x - +0 chain mail
rPois   .            (no helmet)
rElec   .            (no cloak)
rCorr   .            (no gloves)
SInv    .            (no boots)
Will    .....        z - amulet of reflection Stlth
                     i - +6 ring of dexterity
HPRegen 0.29/turn    n - +4 ring of protection
MPRegen 0.10/turn

%: reflection
@: glowing
A: explore regen
a: Renounce Religion, Divine Shield


You were on level 5 of the Dungeon.
You worshipped the Shining One.
The Shining One was pleased with you.
You visited 2 branches of the dungeon, and saw 6 of its levels.

You collected 246 gold pieces.

Inventory:

Hand Weapons
 a - a +0 falchion (weapon)
Missiles
 g - 4 boomerangs (quivered)
 u - 3 javelins
Armour
 x - a +0 chain mail (worn)
Jewellery
 i - a +6 ring of dexterity (left hand)
 n - a +4 ring of protection (right hand)
 o - a ring of protection from fire
 t - a ring of positive energy
 z - an amulet of reflection (around neck)
Wands
 d - a wand of flame (46)
 m - a wand of roots (11)
Scrolls
 f - 5 scrolls of poison
 h - 2 scrolls of fog
 l - a scroll of noise
 p - a scroll of amnesia
 s - a scroll of torment
 y - 2 scrolls of teleportation
Potions
 b - 3 potions of degeneration {unknown}
 c - a potion of ambrosia
 e - a potion of enlightenment {unknown}
 j - a potion of invisibility {unknown}
 k - 6 potions of brilliance {unknown}
 r - a potion of heal wounds {unknown}
 v - a potion of resistance {unknown}
 w - a potion of mutation {unknown}


   Skills:
 + Level 4.9 Fighting
 * Level 6.4 Long Blades
 + Level 0.8 Throwing
 + Level 3.6 Armour
 - Level 3.0 Dodging
 + Level 0.9 Invocations


You had 6 spell levels left.
You didn't know any spells.
Your spell library contained the following spells:

 Spells                   Type           Power      Damage    Failure   Level
 Freeze                   Ice            0%         1d3       100%        1
 Summon Small Mammal      Summ           0%         N/A       100%        1
 Call Canine Familiar     Summ           0%         N/A       100%        3
 Frozen Ramparts          Ice            0%         1d1       100%        3
 Hailstorm                Conj/Ice       0%         3d5       100%        3
 Summon Blazeheart Golem  Fire/Summ      0%         N/A       100%        4


Dungeon Overview and Level Annotations

Branches:
Dungeon (5/15)             Temple (1/1) D:4

Altars:
Ashenzari
Cheibriados
Elyvilon
Fedhas
Gozag
Hepliaklqana
Kikubaaqudgha
Makhleb
Nemelex Xobeh
Okawaru
Qazlal
Ru
Sif Muna
Trog
Uskayaw
Vehumet
Wu Jian
Xom
Yredelemnul
Zin
The Shining One

Shops:
D:3 [   D:5 (

Annotations:
D:3 1 transporter, Faeranduil's ghost, amateur SpEn


Innate Abilities, Weirdness & Mutations

You regain HP and MP as you explore.


Message History

You block the ufetubus's attack. The ufetubus attacks as it pursues you!
You block the ufetubus's attack.
The ufetubus hits you but does no damage. x3
You hit the ufetubus.
You kill the ufetubus!
The Shining One accepts your kill.
There is a stone staircase leading down here.
There is a stone staircase leading up here.
You climb upwards.
There is a stone staircase leading down here.
You start resting.
HP restored.
You climb downwards.
The ogre barely misses you.
There is a stone staircase leading up here.
You completely miss the ogre.
The ogre hits you with a +0 giant spiked club!
You hit the ogre.
The ogre is lightly wounded.
You block the ogre's attack.
You hit the ogre.
The ogre is moderately wounded.
You slash the ogre!
The ogre is heavily wounded.
The ogre hits you with a +0 giant spiked club!
You are too injured to fight recklessly!
You are too injured to fight recklessly!
You are too injured to fight recklessly!
You hit the ogre.
The ogre is almost dead.
You block the ogre's attack.
You hit the ogre but do no damage. Your punch misses the ogre.
The ogre is almost dead.
You hit the ogre.
The ogre is almost dead.
The ogre hits you with a +0 giant spiked club!
* * * LOW HITPOINT WARNING * * *
You hit the ogre but do no damage.
The ogre is almost dead.
The ogre hits you with a +0 giant spiked club!
You die...

.....##..##....###.####.##
..............#>.......|#
....≈≈####..#...##.####.#
.##.≈≈####.#..####.## #.#
.##.≈≈≈≈≈≈...## #..# ...
..#.≈≈≈≈≈≈..## ##.# #.##
#...≈≈≈≈≈≈.### ##.# ♣.♣
##...........#####O.#♣♣.♣♣
##.......###...O@#.........
#.......###.........#♣♣.♣♣#
.......###..........#
.....### #..........###
.....†####..............
..#.#....................
###....###...............
##....................#
#.##..........#.....##


You could see an ogre.

Vanquished Creatures
  An ogre (D:4)
  A phantom (D:3)
  A scorpion (D:3)
  A howler monkey (D:4)
  A hound (D:5)
  4 bombardier beetles
  A sleepcap (D:5)
  2 iguanas
  Natasha (twice) (D:3)
  6 adders
  A white imp (D:5)
  2 ufetubi (D:5)
  3 dart slugs
  5 ribbon worms
  4 orcs
  6 ball pythons
  5 endoplasms
  2 giant cockroaches
  6 goblins
  7 hobgoblins
  2 quokkas
  8 bats
  2 frilled lizards
  4 kobolds
  7 rats
84 creatures vanquished.

Notes
Turn   | Place    | Note
-------+----------+-------------------------------------------
     0 | D:1      | jagang the Human Monk began the quest for the Orb.
     0 | D:1      | Reached XP level 1. HP: 18/18 MP: 1/1
   100 | D:1      | Reached XP level 2. HP: 18/24 MP: 2/2
   691 | D:2      | Reached skill level 1 in Armour
   691 | D:2      | Reached XP level 3. HP: 26/29 MP: 3/3
  1251 | D:2      | Reached skill level 4 in Long Blades
  1251 | D:2      | Reached XP level 4. HP: 35/35 MP: 4/4
  1783 | D:3      | Found Gekhin's Antique Armour Shoppe.
  1810 | D:3      | Noticed a scorpion
  1820 | D:3      | Killed a scorpion
  1821 | D:3      | Reached XP level 5. HP: 38/42 MP: 5/5
  1836 | D:3      | Noticed Natasha
  1847 | D:3      | Killed Natasha
  1915 | D:3      | Found a transporter.
  1917 | D:3      | Noticed Faeranduil's ghost (amateur SpEn)
  1966 | D:3      | Reached skill level 5 in Long Blades
  1969 | D:3      | Noticed a phantom
  1981 | D:3      | Killed a phantom
  1982 | D:3      | Reached XP level 6. HP: 48/48 MP: 6/6
  2053 | D:3      | Found a faded altar of an unknown god.
  2122 | D:3      | Noticed Natasha
  2136 | D:3      | Killed Natasha
  2286 | D:4      | Identified the +9 spear of the Foot {pain, rPois Str-4
                  | Dex+5}
  2592 | D:4      | Found a staircase to the Ecumenical Temple.
  2604 | Temple   | Entered the Ecumenical Temple
  2635 | Temple   | Became a worshipper of the Shining One
  2635 | Temple   | Reached * piety under the Shining One
  2635 | Temple   | Reached ** piety under the Shining One
  2799 | D:4      | Reached skill level 6 in Long Blades
  2799 | D:4      | Reached XP level 7. HP: 24/55 MP: 7/7
  3253 | D:5      | Entered Level 5 of the Dungeon
  3541 | D:5      | Found Qocoqoa's Weapon Boutique.
  3909 | D:5      | Slain by an ogre

Illustrated notes

Levels and vault maps discovered:
D:1:      dpeg_arrival_water_fire, layout_basic, corner_web_ring
D:2:      layout_loops_corners, kennysheep_potato
D:3:      layout_rooms, shapermc_ecumenical_altar_venn, serial_shops, shop,
          gammafunk_ghost_mausoleum, uniq_natasha
D:4:      layout_basic, minmay_temple_entry_mini_moons
D:5:      layout_rooms, serial_shops, shop, minmay_tree_intersection,
          nicolae_tricolors, uniq_eustachio
Temple:   kilobyte_greek_temple

Skill      XL: |  1  2  3  4  5  6 |
---------------+-------------------+-----
Armour         | 1 2 3 |  3.6
Long Blades    | 4 5 6 |  6.4
Fighting       | 4 |  4.9
Throwing       | |  0.8
Dodging        | |  3.0
Invocations    | |  0.9

Action                     |  1- 3 |  4- 6 |  7- 9 || total
---------------------------+-------+-------+-------++-------
  Melee: Falchion          |    82 |   142 |    70 ||   294
         Punch             |       |       |     2 ||     2
  Throw: Boomerang         |     5 |     3 |     3 ||    11
    Use: Scroll            |       |       |     8 ||     8
 Armour: Robe              |    20 |       |       ||    20
         Scale mail        |    24 |    79 |    19 ||   122
         Chain mail        |       |       |    47 ||    47
  Dodge: Dodged            |    65 |    67 |    30 ||   162
  Block: Other             |       |     2 |    14 ||    16
         Reflection        |       |       |     1 ||     1
